 Dungeon Crawl Stone Soup version 0.20-a0-792-g09bcfd3 (webtiles) character file.

55 nono the Chucker (level 3, -1/18 HPs)
             Began as a Vine Stalker Hunter on Feb 28, 2017.
             Slain by a scorpion (2 damage)
             ... on level 4 of the Dungeon.
             The game lasted 00:03:48 (671 turns).

nono the Chucker (Vine Stalker Hunter)               Turns: 671, Time: 00:03:49

Health: -1/18      AC:  3    Str: 15    XL:     3   Next: 93%
Magic:  0/4        EV: 12    Int: 11    God:
Gold:   88         SH:  0    Dex: 14    Spells: 2/2 levels left

rFire    . . .     SeeInvis .   a - +0 short sword
rCold    . . .     Gourm    .   b - +0 leather armour
rNeg     . . .     Faith    .   (no shield)
rPois    .         Spirit   +   (no helmet)
rElec    .         Reflect  .   (no cloak)
rCorr    .         Harm     .   (no gloves)
MR       .....                  (no boots)
Stlth    ++........             (no amulet)
Regen    0.1/turn               (no ring)
MPRegen  0.1/turn               (no ring)

@: lethally poisoned (-1 -> -10)
A: fangs 2, magic shield, antimagic bite, no potion heal 3, rot immunity
a: no special abilities


You were on level 4 of the Dungeon.
You were not hungry.

You visited 1 branch of the dungeon, and saw 4 of its levels.

You collected 88 gold pieces.

Inventory:

Hand Weapons
 a - a +0 short sword (weapon)
Missiles
 c - 2 javelins (quivered)
Armour
 b - a +0 leather armour (worn)
Scrolls
 d - a scroll of random uselessness {unknown}
 e - a scroll of identify {unknown}
 i - 3 scrolls of magic mapping {unknown}
Potions
 g - a potion of mutation {unknown}
 h - a potion of resistance {unknown}
 j - a potion of brilliance {unknown}
 n - a potion of berserk rage {unknown}
Books
 l - a book of Minor Magic

   Spells                             Type                      Level
   a - Magic Dart                     Conjuration                  1
   b - Blink                          Translocation                2
   c - Call Imp                       Summoning                    2
   d - Slow                           Hexes                        2
   e - Conjure Flame                  Conjuration/Fire             3
   f - Mephitic Cloud                 Conjuration/Poison/Air       3
Comestibles
 f - a bread ration
 k - a meat ration


   Skills:
 - Level 1.7 Fighting
 + Level 4.9 Throwing
 - Level 1.5 Dodging
 - Level 1.2 Stealth


You had 2 spell levels left.
You didn't know any spells.

Dungeon Overview and Level Annotations

Branches:
Dungeon (4/15)
 Temple: D:4-7

Altars:


Innate Abilities, Weirdness & Mutations

You have extremely sharp teeth.
When hurt, damage is shared between your health and your magic reserves.
Your bite disrupts and absorbs the magic of your enemies.
Potions cannot restore your health.
You are immune to rotting.


Message History

You throw a javelin.
The javelin closely misses the scorpion.
The scorpion barely misses you.
Throwing (i - inventory):
c - 4 javelins (quivered)
Press: ? - help, Shift-Dir - straight line, f/p - scorpion
Aim: a scorpion You throw a javelin.
The javelin closely misses the scorpion.
The scorpion stings you. The scorpion stings you!
* * * LOW HITPOINT WARNING * * *
You are lethally poisoned!
The scorpion poisons you!
Throwing (i - inventory):
c - 3 javelins (quivered)
Press: ? - help, Shift-Dir - straight line, f/p - scorpion
Aim: a scorpion You throw a javelin.
The javelin hits the scorpion.
The scorpion is moderately wounded.
* * * LOW HITPOINT WARNING * * *
You feel sick. The scorpion stings you.
You die...

... ##.#.##.( .
t... ....#...
......##.#...#
............#
...........#
.....>...#
#.##.#..#
#..@s..(## #
#..#.#...###..
#.............
#....#........
#.#....#.#####..
#...<..#.# .
#####..#.#####..
#...............
#.######.#####.##


You could see a scorpion.

Vanquished Creatures
  A worker ant (D:4)
  An adder (D:2)
  3 worms
  2 leopard geckos
  A bat (D:1)
  2 hobgoblins
  A frilled lizard (D:1)
  A goblin (D:1)
  A quokka skeleton (D:4)
  A rat (D:1)
14 creatures vanquished.

Notes
Turn   | Place    | Note
-------+----------+-------------------------------------------
     0 | D:1      | nono the Vine Stalker Hunter began the quest for the Orb.
     0 | D:1      | Reached XP level 1. HP: 11/11 MP: 2/2
   467 | D:1      | Reached skill level 4 in Throwing
   467 | D:1      | Reached XP level 2. HP: 15/15 MP: 3/3
   591 | D:2      | Reached XP level 3. HP: 13/18 MP: 4/4
   661 | D:4      | Noticed a scorpion
   663 | D:4      | Noticed a crocodile
   671 | D:4      | Slain by a scorpion

Vault maps used:
D:1:      lightli_arrival_maybe_door_vault
D:2:      nemelex_lonely_heart_becter
D:3:      nicolae_overflow_crystal_walls, minmay_misc_feat_more_columns,
          nicolae_ru_awakened_eye, uniq_terence, uniq_jessica
D:4:      cheibrodos_quashed, kennysheep_little_box, kennysheep_generic_room_13,
          uniq_robin

Skill      XL: |  1 |
---------------+----+-----
Throwing       | 4 |  4.9
Fighting       | |  1.7
Dodging        | |  1.5
Stealth        | |  1.2

Action                   || total
-------------------------++-------
Melee: Short sword       ||    39
       Bite              ||     8
Throw: Javelin           ||    26
       Throwing net      ||     4
 Stab: Sleeping          ||     1
Armor: Leather armour    ||     7
Dodge: Dodged            ||    23
